 Dungeon Crawl Stone Soup version 0.28-a0-563-gf77a47075d (webtiles) character file.

Game seed: 5082628244403303954

37 freelancePsychic the Vandal (level 3, -1/29 HPs)
             Began as a Formicid Hunter on Sept 29, 2021.
             Was an Initiate of Cheibriados.
             Slain by a quokka (3 damage)
             ... on level 2 of the Dungeon.
             The game lasted 00:01:58 (1030 turns).

freelancePsychic the Vandal (Formicid Hunter)       Turns: 1030, Time: 00:01:59

Health: -1/29      AC:  4    Str: 18    XL:     3   Next: 62%
Magic:  3/3        EV: 11    Int: 11    God:    Cheibriados [......]
Gold:   26         SH:  5    Dex: 12    Spells: 2/2 levels left

rFire   . . .      SeeInvis +   e - +0 dagger (venom)
rCold   . . .      Faith    .   (no shield)
rNeg    . . .      Spirit   .   c - +0 leather armour
rPois   .          Reflect  +   (helmet unavailable)
rElec   .          Harm     .   (no cloak)
rCorr   .          Rampage  .   (no gloves)
Will    .....                   h - +0 pair of boots
Stlth   +.........              g - amulet of reflection
HPRegen 0.09/turn               (no ring)
MPRegen 0.08/turn               (no ring)

@: very slow
A: permanent stasis, dig shafts and tunnels, antennae 3, four strong arms
a: Dig, Shaft Self, Renounce Religion, Bend Time


You were on level 2 of the Dungeon.
You worshipped Cheibriados.
Cheibriados was noncommittal.
You visited 1 branch of the dungeon, and saw 2 of its levels.

You collected 26 gold pieces.

Inventory:

Hand Weapons
 a - a +2 hunting sling
 b - a +0 short sword
 e - a +0 dagger of venom (weapon)
Missiles
 d - 43 sling bullets
 j - 34 stones
Armour
 c - a +0 leather armour (worn)
 h - a +0 pair of boots (worn)
Jewellery
 f - a ring of ice
 g - an amulet of reflection (around neck)


   Skills:
 + Level 3.2 Fighting
 + Level 5.0 Slings
 - Level 1.7 Dodging
 - Level 1.2 Stealth


You had 2 spell levels left.
You didn't know any spells.
Your spell library was empty.

Dungeon Overview and Level Annotations

Branches:
Dungeon (2/15)

Altars:
Cheibriados

Annotations:
D:2 Terence


Innate Abilities, Weirdness & Mutations

You cannot be hasted, slowed, berserked, paralysed or teleported.
You can dig through walls and to a lower floor.
You have a pair of large antennae on your head. (SInv)
Your four strong arms can wield two-handed weapons with a shield.


Message History

You barely miss Terence.
Terence is moderately wounded.
Terence closely misses you.
You closely miss Terence.
Terence is moderately wounded.
Terence hits you but does no damage.
You hit Terence but do no damage.
Terence is moderately wounded.
Terence closely misses you.
You aren't carrying any potions.
As you read the scroll labelled JUAGY AKHE, it crumbles to dust.
You hear a loud clanging noise!
It was a scroll of noise.
Terence barely misses you.
You hit Terence but do no damage.
Terence is poisoned.
Terence is moderately wounded.
Terence hits you but does no damage.
Terence drinks a potion.
Terence is healed!
Terence looks more healthy.
You barely miss Terence.
Terence is moderately wounded.
Terence hits you with a +0 falchion!
* * * LOW HITPOINT WARNING * * *
Terence shouts, "Get ready for death!"
The quokka barely misses you. The quokka misses you.
You barely miss the quokka. The quokka completely misses you.
You miss the quokka. The quokka bites you.
* * * LOW HITPOINT WARNING * * *
The quokka closely misses you.
You hit the quokka.
The quokka is heavily wounded.
The quokka closely misses you.
You miss the quokka.
The quokka is heavily wounded.
The quokka bites you but does no damage.
The quokka twitches its whiskers.
Terence says, "You're history."
You hit the quokka but do no damage.
The quokka is heavily wounded.
The quokka bites you.
You die...

######## ###### .......# #....#
##### ..$....# #....# #...#
.......###....# #...#
........##....# #...#
........##....# #...#
........##....# #...#
........##....#####...###
..(....((....@rr@.'...'.# .
.......############...#.######..
.......# #...#......... r......#
#...##........ .......#
#...##.......# ########
#...##'#####.## #####..........
#.......... #..........


You could see Terence and 2 quokkas.

Vanquished Creatures
  5 bats (D:1)
  3 endoplasms (D:1)
  2 giant cockroaches (D:1)
  4 goblins
  2 hobgoblins (D:1)
  4 jackals (D:1)
  A quokka (D:2)
  3 ball pythons
  A frilled lizard (D:2)
  2 kobolds (D:1)
  7 rats
34 creatures vanquished.

Notes
Turn   | Place    | Note
-------+----------+-------------------------------------------
     0 | D:1      | freelancePsychic the Formicid Hunter began the quest for
                  | the Orb.
     0 | D:1      | Reached XP level 1. HP: 16/16 MP: 1/1
   134 | D:1      | Reached XP level 2. HP: 23/23 MP: 2/2
   369 | D:1      | Reached XP level 3. HP: 21/29 MP: 3/3
   588 | D:1      | Reached skill level 5 in Slings
   748 | D:2      | Found a faded altar of an unknown god.
   872 | D:2      | Found a snail-covered altar of Cheibriados.
   877 | D:2      | Became a worshipper of Cheibriados the Contemplative
   998 | D:2      | Noticed Terence
  1026 | D:2      | HP: 1/29 [quokka (1)]
  1030 | D:2      | Slain by a quokka

Illustrated notes

Levels and vault maps discovered:
D:1:      minmay_arrival_up_and_down, layout_rooms, minmay_misc_feat_tiny,
          minmay_misc_feat_rows, minmay_fountain_box
D:2:      layout_basic, shapermc_ecumenical_altar_ellora, serial_shops,
          nicolae_shop_crystal, basic_altar, minmay_quantized, uniq_terence

Skill      XL: |  1  2  3 |
---------------+----------+-----
Fighting       | 3 |  3.2
Slings         | 5 |  5.0
Dodging        | |  1.7
Stealth        | |  1.2

Action                   || total
-------------------------++-------
Melee: Dagger            ||    11
 Fire: Hunting sling     ||    87
  Use: Scroll            ||     2
Armor: Leather armour    ||    11
Dodge: Dodged            ||    24
Block: Other             ||     5
       Reflection        ||     1

Table legend: (Time is in decaauts)
 A = Elapsed time spent in this place.
 B = Non-inter-level travel time spent in this place.
 C = Inter-level travel time spent in this place.
 D = Time resting spent in this place.
 E = Time spent auto-exploring this place.
 F = Levels seen in this place.
 G = Mean time per level.
                   A        B        C        D        E       F      G
               +--------+--------+--------+--------+--------+-----+--------+
         Total |   1059 |   1031 |     28 |      0 |    811 |   2 |  529.5 |
       Dungeon |   1059 |   1031 |     28 |      0 |    811 |   2 |  529.5 |
               +--------+--------+--------+--------+--------+-----+--------+

Top non-repeatable levels by time:
     D:1: 734 daAuts
     D:2: 325 daAuts
